 Dungeon Crawl Stone Soup version 0.29-a0-1019-g84f7d21838 (webtiles) character file.

Game seed: 8284733557898456654

146 xian the Magician (level 5, -4/24 HPs)
             Began as a Spriggan Ice Elementalist on Aug 11, 2022.
             Slain by Grinder (5 damage)
             ... on level 3 of the Dungeon.
             The game lasted 00:09:12 (2282 turns).

xian the Magician (Spriggan Ice Elementalist)       Turns: 2282, Time: 00:09:13

Health: -4/24      AC:  9    Str: 10    XL:     5   Next: 7%
Magic:  3/12       EV: 19    Int: 18    God:
Gold:   84         SH:  0    Dex: 22    Spells: 5/12 levels left

rFire   . . .      SeeInvis +   e - staff of cold
rCold   + . .      Faith    .   (shield currently unavailable)
rNeg    . . .      Spirit   .   a - +0 robe
rPois   .          Reflect  .   (helmet restricted)
rElec   .          Harm     .   (no cloak)
rCorr   .          Rampage  .   (gloves unavailable)
Will    .....                   (boots unavailable)
Stlth   +++.......              (no amulet)
HPRegen 0.08/turn               c - +6 ring of dexterity
MPRegen 0.13/turn               g - +6 ring of strength

@: ice-armoured, freezing walls, very quick
A: very small, no large weapons, unfitting armour, see invisible, speed 3
a: no special abilities


You were on level 3 of the Dungeon.
You visited 1 branch of the dungeon, and saw 3 of its levels.

You collected 84 gold pieces.

Inventory:

Hand Weapons
 h - a +4 whip
Missiles
 l - 2 throwing nets
 r - 2 poisoned darts
Armour
 a - a +0 robe (worn)
 q - +0 fire dragon scales
Magical Staves
 e - a staff of cold (weapon)
Jewellery
 c - a +6 ring of dexterity (left hand)
 g - a +6 ring of strength (right hand)
Scrolls
 d - 2 scrolls of teleportation
 i - a scroll of amnesia {unknown}
 j - a scroll of poison {unknown}
 m - 2 scrolls of identify {unknown}
 n - a scroll of blinking {unknown}
Potions
 b - a potion of magic
 f - a potion of resistance {unknown}
 k - a potion of mutation {unknown}
 o - a potion of invisibility {unknown}
 p - a potion of haste {unknown}


   Skills:
 + Level 0.1 Staves
 + Level 3.2 Dodging
 + Level 3.8 Stealth
 + Level 4.3 Spellcasting
 + Level 4.3 Ice Magic


You had 5 spell levels left.
You knew the following spells:

 Your Spells              Type           Power      Damage    Failure   Level
a - Freeze                Ice            100%       1d11      2%          1
b - Frozen Ramparts       Ice            58%        1d9       7%          3
c - Ozocubu's Armour      Ice            29%        N/A       7%          3

Your spell library contained the following spells:

 Spells                   Type           Power      Damage    Failure   Level
 Poisonous Vapours        Pois/Air       6%         N/A       22%         2
 Hailstorm                Conj/Ice       17%        3d6       50%         4
 Corpse Rot               Necr/Pois/Air  3%         N/A       80%         4


Dungeon Overview and Level Annotations

Branches:
Dungeon (3/15)

Altars:

Annotations:
D:3 Grinder


Innate Abilities, Weirdness & Mutations

You are very small and have problems with some larger weapons.
You are too small for most types of armour.
You have supernaturally acute eyesight. (SInv)
You cover ground extremely quickly. (Speed+++)


Message History

Aim: Grinder Out of range.
Okay, then.
Throw: 3 darts (poison)
Press: ? - help, Q - select action, (/) - cycle Shift-Dir - straight line, f - Grinder
Aim: Grinder (60% to hit)
You throw a poisoned dart. The poisoned dart hits Grinder.
The wall freezes Grinder but does no damage.
Grinder drinks a potion.
Grinder seems to grow stronger.
Grinder completely resists.
The wall freezes Grinder but does no damage.
You are too injured to fight recklessly!
Unknown command.
Casting: Freeze (safe; 2% risk of failure)
Confirm with . or Enter, or press ? or * to list all spells.
Aiming: Freeze (safe; 2% risk of failure)
Press: ? - help, Shift-Dir - straight line, f/p - Grinder
Aim: Grinder (strong)
You feel a surge of power!
You freeze Grinder.
Grinder resists.
Grinder is lightly wounded.
Grinder resists.
The wall freezes Grinder.
Grinder gestures at you. You resist with significant effort.
Casting: Freeze (safe; 2% risk of failure)
Confirm with . or Enter, or press ? or * to list all spells.
Aiming: Freeze (safe; 2% risk of failure)
Press: ? - help, Shift-Dir - straight line, f/p - Grinder
Aim: Grinder (lightly wounded, strong)
You feel a surge of power!
You freeze Grinder but do no damage.
Grinder completely resists.
Grinder resists.
The wall freezes Grinder.
Grinder hits you!
* * * LOW HITPOINT WARNING * * *
You writhe in agony.
You die...

#...........####### ...
#....######## #########...
#....###########..........
###.............##........#
#...............##........#
#...#..[..†...............###
#...#...................5....
####.............).....).....
#........@5(.##...........
#...###########........###
#...# #............# #...#
#............# ###...##
#.....####....# #......#
#.....# ....# #......#
#..[..# ....# #......#
#.....# .... #......# #.....


You could see Grinder (strong).

Vanquished Creatures
  An orc priest (D:3)
  An orc wizard (D:3)
  2 adders (D:2)
  A worm (D:2)
  2 dart slugs
  5 orcs
  A ball python (D:1)
  7 bats
  7 endoplasms
  3 giant cockroaches
  4 goblins
  5 hobgoblins
  6 jackals (D:2)
  A quokka (D:2)
  2 frilled lizards (D:1)
  5 kobolds
  5 rats
58 creatures vanquished.

Notes
Turn   | Place    | Note
-------+----------+-------------------------------------------
     0 | D:1      | xian the Spriggan Ice Elementalist began the quest for the
                  | Orb.
     0 | D:1      | Reached XP level 1. HP: 9/9 MP: 5/5
   283 | D:1      | Reached XP level 2. HP: 10/13 MP: 1/7
   610 | D:1      | Found a faded altar of an unknown god.
   988 | D:2      | Reached XP level 3. HP: 16/16 MP: 6/9
  1001 | D:2      | Learned a level 3 spell: Frozen Ramparts
  1005 | D:2      | Learned a level 3 spell: Ozocubu's Armour
  1259 | D:2      | Reached XP level 4. HP: 21/21 MP: 2/11
  2251 | D:3      | Noticed Grinder
  2254 | D:3      | Reached XP level 5. HP: 20/24 MP: 8/12
  2275 | D:3      | Paralysed by Grinder for 3 turns
  2282 | D:3      | HP: 1/24 [Grinder (10)]
  2282 | D:3      | Slain by Grinder

Illustrated notes

Levels and vault maps discovered:
D:1:      mrwooster_arrival_statue_3, layout_rooms,
          shapermc_ecumenical_altar_petra
D:2:      layout_loops_ring
D:3:      layout_basic, gammafunk_ghost_grave, uniq_grinder

Skill      XL: |  1  2  3  4 |
---------------+-------------+-----
Spellcasting   | 3 4 |  4.3
Dodging        | 3 |  3.2
Ice Magic      | 4 |  4.3
Staves         | |  0.1
Stealth        | |  3.8

Action                   |  1- 3 |  4- 6 || total
-------------------------+-------+-------++-------
Melee: Unarmed           |     4 |       ||     4
       Staff             |    11 |     7 ||    18
Throw: Dart              |       |     1 ||     1
 Cast: Freeze            |    48 |    23 ||    71
       Frozen Ramparts   |     1 |     4 ||     5
       Ozocubu's Armour  |     1 |     2 ||     3
  Use: Scroll            |       |     1 ||     1
 Stab: Sleeping          |     2 |       ||     2
Armor: Robe              |     2 |     4 ||     6
Dodge: Dodged            |    34 |    13 ||    47

Table legend: (Time is in decaauts)
 A = Elapsed time spent in this place.
 B = Non-inter-level travel time spent in this place.
 C = Inter-level travel time spent in this place.
 D = Time resting spent in this place.
 E = Time spent auto-exploring this place.
 F = Levels seen in this place.
 G = Mean time per level.
                   A        B        C        D        E       F      G
               +--------+--------+--------+--------+--------+-----+--------+
         Total |   1836 |   1836 |      0 |      0 |   1308 |   3 |  612.0 |
       Dungeon |   1836 |   1836 |      0 |      0 |   1308 |   3 |  612.0 |
               +--------+--------+--------+--------+--------+-----+--------+

Top non-repeatable levels by time:
     D:1: 781 daAuts
     D:2: 622 daAuts
     D:3: 432 daAuts
